 Dungeon Crawl Stone Soup version 0.28.0-45-g0d030f2227 (webtiles) character file.

Game seed: 12486511293034524280

94 101zpm the Digger (level 4, -1/24 HPs)
             Began as a Gargoyle Earth Elementalist on Apr 14, 2022.
             Slain by an iguana (11 damage)
             ... on level 5 of the Dungeon.
             The game lasted 00:05:52 (3587 turns).

101zpm the Digger (Gargoyle Earth Elementalist)     Turns: 3587, Time: 00:05:54

Health: -1/24      AC:  5    Str: 12    XL:     4   Next: 63%
Magic:  2/8        EV: 12    Int: 17    God:
Gold:   146        SH:  0    Dex: 10    Spells: 7/8 levels left

rFire   . . .      SeeInvis .   g - +0 spear (vamp)
rCold   . . .      Faith    .   (no shield)
rNeg    + . .      Spirit   .   b - +0 robe
rPois   ∞          Reflect  .   (no helmet)
rElec   +          Harm     .   (no cloak)
rCorr   .          Rampage  .   (no gloves)
Will    .....                   (no boots)
Stlth   ++........              (no amulet)
HPRegen 0.08/turn               (no ring)
MPRegen 0.11/turn               (no ring)

@: no status effects
A: sickness immunity, AC +3, negative energy resistance 1, electricity
resistance, torment resistance 1, petrification resistance
a: no special abilities


You were on level 5 of the Dungeon.
You visited 1 branch of the dungeon, and saw 5 of its levels.

You collected 146 gold pieces.

Inventory:

Hand Weapons
 g - a +0 vampiric spear (weapon)
Missiles
 c - 164 stones
 e - 3 silver boomerangs
 n - 21 sling bullets
Armour
 b - a +0 robe (worn)
Scrolls
 h - 2 scrolls of identify {unknown}
 j - a scroll of vulnerability {unknown}
 k - a scroll of enchant weapon {unknown}
 l - a scroll of enchant armour {unknown}
Potions
 a - 2 potions of ambrosia {unknown}
 d - a potion of degeneration {unknown}
 f - a potion of heal wounds {unknown}
 i - 2 potions of might {unknown}
 m - a potion of magic {unknown}


   Skills:
 + Level 0.3 Fighting
 + Level 0.6 Polearms
 + Level 1.6 Dodging
 + Level 3.4 Stealth
 + Level 2.9 Spellcasting
 + Level 0.7 Transmutations
 + Level 4.5 Earth Magic


You had 7 spell levels left.
You knew the following spells:

 Your Spells              Type           Power      Damage    Failure   Level
a - Sandblast             Erth           34%        2d9       2%          1

Your spell library contained the following spells:

 Spells                   Type           Power      Damage    Failure   Level
 Passwall                 Tmut/Erth      9%         N/A       9%          2
 Stone Arrow              Conj/Erth      20%        3d8       22%         3
 Ozocubu's Armour         Ice            2%         N/A       47%         3
 Petrify                  Tmut/Erth      11%        N/A       52%         4
 Ozocubu's Refrigeration  Ice            1%         4d5       100%        7


Dungeon Overview and Level Annotations

Branches:
Dungeon (5/15)
 Temple: D:4-7

Altars:

Shops:
D:2 ?   D:5 *


Innate Abilities, Weirdness & Mutations

You are immune to sickness and miasma.
Your stone body is resilient. (AC +3)
You are immune to poison.
You resist negative energy. (rN+)
You are resistant to electric shocks. (rElec)
You are resistant to unholy torment.
You are immune to petrification.


Message History

You closely miss the iguana. The iguana bites you!
You are too injured to fight recklessly!
You are too injured to fight recklessly!
You are too injured to fight recklessly!
You are too injured to fight recklessly!
You are too injured to fight recklessly!
You are too injured to fight recklessly!
You are too injured to fight recklessly!
You are too injured to fight recklessly!
Aiming: Sandblast (safe; 2% risk of failure)
Press: ? - help, Q - select action, (/) - cycle Shift-Dir - straight line, f/p - iguana
Aim: an iguana (82% to hit)
The blast of sand hits the iguana.
The iguana is moderately wounded.
The iguana closely misses you.
Aiming: Sandblast (safe; 2% risk of failure)
Press: ? - help, Q - select action, (/) - cycle Shift-Dir - straight line, f/p - iguana
Aim: an iguana (moderately wounded, 82% to hit)
The blast of sand hits the iguana but does no damage.
The iguana is moderately wounded.
The iguana closely misses you.
Aiming: Sandblast (safe; 2% risk of failure)
Press: ? - help, Q - select action, (/) - cycle Shift-Dir - straight line, f/p - iguana
Aim: an iguana (moderately wounded, 82% to hit)
The blast of sand hits the iguana but does no damage.
The iguana is moderately wounded.
The iguana bites you.
Aiming: Sandblast (safe; 2% risk of failure)
Press: ? - help, Q - select action, (/) - cycle Shift-Dir - straight line, f/p - iguana
Aim: an iguana (moderately wounded, 82% to hit)
The blast of sand hits the iguana but does no damage.
The iguana is moderately wounded.
The iguana barely misses you.
Aiming: Sandblast (safe; 2% risk of failure)
Press: ? - help, Q - select action, (/) - cycle Shift-Dir - straight line, f/p - iguana
Aim: an iguana (moderately wounded, 82% to hit)
The blast of sand hits the iguana but does no damage.
The iguana is moderately wounded.
The iguana bites you!
You die...

## .# ###.#
##...#
###....#
∩.....#####
#.l......)
##@.# #.###
#.# #.# #.#
#.# #.# #.#
###.##


You could see an iguana.

Vanquished Creatures
  3 adders (D:2)
  An ufetubus (D:4)
  An adder skeleton (D:4)
  A dart slug (D:3)
  An orc (D:5)
  2 endoplasms
  A giant cockroach (D:2)
  6 goblins
  9 hobgoblins
  6 jackals (D:1)
  2 kobolds (D:1)
  3 quokkas
  2 ball pythons (D:1)
  7 bats
  2 frilled lizards
  3 rats (D:1)
50 creatures vanquished.

Notes
Turn   | Place    | Note
-------+----------+-------------------------------------------
     0 | D:1      | 101zpm the Gargoyle Earth Elementalist began the quest for
                  | the Orb.
     0 | D:1      | Reached XP level 1. HP: 10/10 MP: 3/3
   193 | D:1      | Reached XP level 2. HP: 15/15 MP: 1/5
   452 | D:1      | Reached skill level 4 in Earth Magic
   532 | D:1      | Found a faded altar of an unknown god.
   750 | D:1      | Reached XP level 3. HP: 19/19 MP: 1/6
  1632 | D:2      | Reached XP level 4. HP: 11/24 MP: 6/8
  1970 | D:2      | Found Xewem's Magic Scroll Shoppe.
  3118 | D:4      | Noticed a lemure
  3118 | D:4      | Noticed a lemure
  3182 | D:4      | Noticed a lemure
  3413 | D:5      | Entered Level 5 of the Dungeon
  3577 | D:5      | Found Weyphuef's Neck Hole.
  3587 | D:5      | Slain by an iguana

Illustrated notes

Levels and vault maps discovered:
D:1:      onia_arrival_pentagram, layout_basic,
          shapermc_ecumenical_altar_starsandcircs
D:2:      layout_loops_ring, serial_shops, nicolae_shop_trees, minivault_23,
          roderic_roman_lattice, minmay_distorted
D:3:      layout_rooms
D:4:      layout_basic, general_overflow_altar,
          nicolae_concentric_dashed_squares_wild, wad_floor_pattern_1,
          minmay_manual_monstrance, uniq_pikel, uniq_crazy_yiuf_cottage,
          uniq_menkaure
D:5:      lemuel_ice_spiral_2, layout_basic, nicolae_shop_sticking_my_neck_out

Skill      XL: |  1  2  3 |
---------------+----------+-----
Earth Magic    | 4 |  4.5
Stealth        | 3 |  3.4
Fighting       | |  0.3
Polearms       | |  0.6
Dodging        | |  1.6
Spellcasting   | |  2.9
Transmutations | |  0.7

Action                   |  1- 3 |  4- 6 || total
-------------------------+-------+-------++-------
Melee: Unarmed           |     6 |       ||     6
       Spear             |    46 |    79 ||   125
       Punch             |       |     1 ||     1
 Cast: Sandblast         |    37 |    11 ||    48
 Stab: Sleeping          |     3 |     4 ||     7
Armor: Robe              |    12 |    34 ||    46
Dodge: Dodged            |    31 |    47 ||    78
